 Dungeon Sprint DCSS version 0.26-a0-683-g5206c1d7ac (webtiles) character file.

Game seed: 1179540477361313475

900000 reriks the Intangible (level 14, -21/93 HPs)
             Began as a Spriggan Berserker on Oct 22, 2020.
             Was a Follower of Makhleb.
             Demolished by a meat berserker
             ... wielding a +9 battleaxe
              (56 damage)
             ... in the Dungeon (Sprint VIII: "Arena of Blood").
             The game lasted 00:00:27 (9 turns).

reriks the Intangible (Spriggan Berserker)             Turns: 9, Time: 00:00:28

Health: -21/93     AC:  2    Str: 17    XL:     14   Next: 31%
Magic:  15/15      EV: 38    Int: 10    God:    Makhleb [*.....]
Gold:   0          SH:  0    Dex: 15    Spells: 13/13 levels left

rFire    . . .     SeeInvis +   i - +∞ Axe of Woe
rCold    . . .     Faith    .   (shield currently unavailable)
rNeg     . . .     Spirit   .   b - +0 animal skin
rPois    .         Reflect  .   (helmet restricted)
rElec    .         Harm     .   (no cloak)
rCorr    .         Rampage  .   (gloves unavailable)
MR       ++...     NoTele   +   (boots unavailable)
Stlth    +.........             (no amulet)
HPRegen  0.25/turn              (no ring)
MPRegen  0.14/turn              (no ring)

@: very quick
A: very small, unfitting armour, see invisible, speed 3
a: Renounce Religion


You were in the Dungeon.
You worshipped Makhleb.
Makhleb was aware of your devotion.
You visited 1 branch

Inventory:

Hand Weapons
 a - a +0 hand axe
 i - the +∞ Axe of Woe (weapon)
   (You found it in the Dungeon)
Armour
 b - a +0 animal skin (worn)
Scrolls
 h - a scroll of blinking
Potions
 c - a potion of curing
 d - a potion of heal wounds
 e - a potion of haste
 f - 2 potions of magic
 g - a potion of berserk rage


   Skills:
 + Level 19.5 Fighting
 + Level 19.5 Axes
 O Level 27 Dodging


You had 13 spell levels left.
You didn't know any spells.
Your spell library was empty.

Dungeon Overview and Level Annotations

Branches:
Dungeon (1/1)

Altars:
Makhleb


Innate Abilities, Weirdness & Mutations

You are very small and have problems with some larger weapons.
You are too small for most types of armour.
You have supernaturally acute eyesight. (SInv)
You cover ground extremely quickly.


Message History

Makhleb accepts your kill.
You can now gain health from killing.
Your Fighting skill gained 3 levels and is now at level 19!
Your Axes skill gained 3 levels and is now at level 19!
You have mastered Dodging!
You have reached level 14!
You hear a shout! x9
Unknown command.
Press < or > to pray at altars.
Save game and exit? [Y]es or [N]o only, please.
Save game and exit? [Y]es or [N]o only, please.
Save game and exit?
Okay, then.
Unknown command.
Press < or > to pray at altars.
You hear a shout! x11
The meat berserker hits you with a +9 battleaxe!!!
Ouch! That really hurt!
You die...

#. ..# #.. ...#
.###.. ...###. .
......###........
....._..... ...
#.....# .... .
#_.<._# .....
....#.....#......
......O@)........
......###........
.###.. ...###...
#.. ....# .. #.
.....# .........
.........
..........


You could see a meat berserker (berserk).

Vanquished Creatures
  2 ogres (D)
2 creatures vanquished.

Notes
Turn   | Place    | Note
-------+----------+-------------------------------------------
     0 | D        | Found the +∞ Axe of Woe
     0 | D        | reriks the Spriggan Berserker began the quest for the Orb.
     0 | D        | Reached XP level 1. HP: 11/11 MP: 2/2
     2 | D        | Noticed a meat berserker
     6 | D        | Fell from the grace of Trog
     6 | D        | Became a worshipper of Makhleb the Destroyer
     6 | D        | Noticed a bag of meat
     6 | D        | Noticed a meat berserker
     7 | D        | Killed a meat berserker
     7 | D        | Reached skill level 25 in Dodging
     7 | D        | Reached XP level 2. HP: 11/32 MP: 3/3
     7 | D        | Reached XP level 3. HP: 13/36 MP: 4/4
     7 | D        | Reached XP level 4. HP: 15/41 MP: 5/5
     7 | D        | Reached XP level 5. HP: 16/45 MP: 6/6
     7 | D        | Reached XP level 6. HP: 18/51 MP: 7/7
     7 | D        | Reached XP level 7. HP: 20/55 MP: 8/8
     7 | D        | Reached XP level 8. HP: 22/60 MP: 9/9
     7 | D        | Reached XP level 9. HP: 23/64 MP: 10/10
     7 | D        | Reached XP level 10. HP: 25/69 MP: 11/11
     7 | D        | Reached XP level 11. HP: 27/73 MP: 12/12
     7 | D        | Reached XP level 12. HP: 29/79 MP: 13/13
     7 | D        | Reached XP level 13. HP: 30/83 MP: 14/14
     7 | D        | Noticed a meat berserker
     8 | D        | Killed a meat berserker
     8 | D        | Reached * piety under Makhleb
     8 | D        | Reached skill level 27 in Dodging
     8 | D        | Reached XP level 14. HP: 34/93 MP: 15/15
     9 | D        | Demolished by a meat berserker

Illustrated notes

Levels and vault maps discovered:
D:        meatsprint

Skill      XL: |  1  2  3  4  5  6  7  8  9 10 11 12 13 |
---------------+----------------------------------------+-----
Fighting       | 16 19 | 19.5
Axes           | 16 19 | 19.5
Dodging        | 25 27 | 27.0

Action                   |  1- 3 |  4- 6 |  7- 9 | 10-12 | 13-15 || total
-------------------------+-------+-------+-------+-------+-------++-------
Melee: Broad axe         |     1 |       |       |       |     1 ||     2

Table legend: (Time is in decaauts)
 A = Elapsed time spent in this place.
 B = Non-inter-level travel time spent in this place.
 C = Inter-level travel time spent in this place.
 D = Time resting spent in this place.
 E = Time spent auto-exploring this place.
 F = Levels seen in this place.
 G = Mean time per level.
                   A        B        C        D        E       F      G
               +--------+--------+--------+--------+--------+-----+--------+
         Total |      7 |      7 |      0 |      0 |      0 |   1 |    7.0 |
       Dungeon |      7 |      7 |      0 |      0 |      0 |   1 |    7.0 |
               +--------+--------+--------+--------+--------+-----+--------+

Top non-repeatable levels by time:
       D: 7 daAuts
